 Dungeon Crawl Stone Soup version 0.20.1-1-g8b1a95d (webtiles) character file.

3547 equalderp2856 the Cleaver (level 9, -11/79 HPs)
             Began as a Minotaur Fighter on July 25, 2017.
             Killed from afar by a gargoyle (21 damage)
             ... with a stone arrow
             ... on level 7 of the Dungeon.
             The game lasted 00:22:26 (8112 turns).

equalderp2856 the Cleaver (Minotaur Fighter)        Turns: 8112, Time: 00:22:26

Health: -11/79     AC:  8    Str: 21    XL:     9   Next: 83%
Magic:  8/8        EV: 10    Int:  6    God:
Gold:   446        SH: 13    Dex: 12    Spells: 8/8 levels left

rFire    . . .     SeeInvis .   a - +0 war axe
rCold    . . .     Gourm    .   c - +0 shield
rNeg     . . .     Faith    .   b - +0 scale mail
rPois    .         Spirit   .   (helmet restricted)
rElec    .         Reflect  +   (no cloak)
rCorr    .         Harm     .   (no gloves)
MR       .....                  (no boots)
Stlth    ..........             U - +2 amulet of reflection
Regen    0.3/turn               (no ring)
MPRegen  0.2/turn               (no ring)

@: no status effects
A: retaliatory headbutt, horns 2
a: no special abilities


You were on level 7 of the Dungeon.
You were hungry.

You visited 1 branch of the dungeon, and saw 7 of its levels.
You also visited: Sewer.

You collected 446 gold pieces.

Inventory:

Hand Weapons
 a - a +0 war axe (weapon)
 l - a +0 hunting sling
 r - a +2 whip of electrocution
 M - a +0 whip of venom
 Q - a +0 blowgun
 V - a +0 hunting sling
Missiles
 m - 15 sling bullets
Armour
 b - a +0 scale mail (worn)
 c - a +0 shield (worn)
 n - a +3 leather armour of cold resistance
Jewellery
 U - a +2 amulet of reflection (around neck)
Wands
 k - a wand of scattershot (4/9)
Scrolls
 e - a scroll of enchant armour {unknown}
 g - 2 scrolls of fog {unknown}
 h - a scroll of blinking {unknown}
 j - 3 scrolls of identify
 o - 2 scrolls of remove curse {unknown}
 K - 2 scrolls of fear {unknown}
 S - 2 scrolls of teleportation {unknown}
 X - a scroll of noise {unknown}
 Y - a scroll of amnesia {unknown}
 Z - 4 scrolls of immolation {unknown}
Potions
 d - a potion of might
 v - 6 potions of curing
 z - 2 potions of mutation {unknown}
 A - 4 potions of lignification {unknown}
 F - 4 potions of heal wounds {unknown}
 G - 3 potions of flight {unknown}
 I - 4 potions of agility {unknown}
Comestibles
 f - 5 bread rations
 i - 5 royal jellies
 u - 6 meat rations


   Skills:
 + Level 7.5 Fighting
 + Level 10.4 Axes
 + Level 8.4 Armour
 + Level 3.8 Dodging
 + Level 1.1 Stealth
 + Level 8.3 Shields


You had 8 spell levels left.
You didn't know any spells.

Dungeon Overview and Level Annotations

Branches:
Dungeon (7/15)             Temple (0/1) D:7

Altars:
Cheibriados
Hepliaklqana
Okawaru
Ru
Trog
Uskayaw
The Shining One

Shops:
D:4 *   D:5 :**   D:7 *

Annotations:
D:6 exclusions: 2 electric eels and 2 more exclusions


Innate Abilities, Weirdness & Mutations

You reflexively headbutt those who attack you in melee.
You have a pair of horns on your head.


Message History

You hit the gargoyle but do no damage.
You headbutt the gargoyle, but do no damage.
The gargoyle is almost destroyed.
The gargoyle hurls a stone arrow at you.
The stone arrow misses you.
You hit the gargoyle but do no damage. Your headbutt misses the gargoyle.
The gargoyle is almost destroyed.
The gargoyle hits you with a flail!
You completely miss the gargoyle. Your headbutt misses the gargoyle.
The gargoyle is almost destroyed.
The gargoyle hits you with a flail!
You hit the gargoyle but do no damage.
The gargoyle is almost destroyed.
The gargoyle hurls a stone arrow at you.
The stone arrow hits you!
* * * LOW HITPOINT WARNING * * *
It was a potion of curing.
You feel better.
The gargoyle hurls a stone arrow at you.
The stone arrow hits you!
You die...

#.# #...##...##...# #.# #.#
##.###8...8###.## #.# #.#
#..# ##...##8#..####.## #.#
#.###+.....'###.......#####
#.#
#.#8#.......#8#............
##.#
#.##'.......'##..##...#####
...#
#.##....8....##..##..##
#### #.##+.......'##..##..#
#.# #.....@.#8#.###..#
#.###+.....9###.###..# #..#
##+.+##[#.......# ##.###
### ###.#####.#
#...#######...# #.#
#########.........### #.#
#.......###########
#.###### ##.#####.#
#.##.... .....# #.#
##.##.###


You could see a gargoyle.

Vanquished Creatures
  The ghost of p0werm0de the Insei, a novice DsFi of Uskayaw (D:7)
  Joseph (D:7)
  A hippogriff (D:7)
  4 hogs (D:7)
  A human (D:7)
  3 phantoms (D:5)
  A black bear (D:5)
  4 ogres
  2 big kobolds (Sewer)
  A bullfrog (D:6)
  Blork the orc (D:6)
  A water moccasin skeleton (D:5)
  2 scorpions
  5 killer bees (D:7)
  4 crimson imps
  A bullfrog zombie (D:7)
  A quasit (D:7)
  A bullfrog skeleton (D:7)
  A jelly (D:5)
  An orc priest (D:3)
  An iguana (D:6)
  Natasha (twice) (D:2)
  2 worker ants
  A hound skeleton (D:5)
  A worker ant zombie (D:6)
  3 gnolls (D:4)
  8 adders
  2 oozes
  An adder zombie (D:6)
  A worm (D:2)
  3 dart slugs
  2 leopard geckos (D:2)
  14 orcs
  5 ball pythons
  6 giant cockroaches
  4 goblins
  6 hobgoblins
  14 jackals
  3 quokkas
  5 bats
  7 frilled lizards
  21 kobolds
  A leopard gecko skeleton (D:4)
  10 rats
  A plant (Sewer)
161 creatures vanquished.

Notes
Turn   | Place    | Note
-------+----------+-------------------------------------------
     0 | D:1      | equalderp2856 the Minotaur Fighter began the quest for the Orb.
     0 | D:1      | Reached XP level 1. HP: 19/19 MP: 0/0
   116 | D:1      | Found a glowing golden altar of the Shining One.
   162 | D:1      | Reached XP level 2. HP: 27/27 MP: 1/1
   910 | D:2      | Reached XP level 3. HP: 25/33 MP: 2/2
   956 | D:2      | Reached skill level 3 in Axes
  1142 | D:2      | Reached XP level 4. HP: 36/40 MP: 3/3
  1233 | D:2      | Found a bloodstained altar of Trog.
  1346 | D:2      | Noticed Natasha
  1349 | D:2      | Killed Natasha
  1349 | D:2      | Reached skill level 4 in Axes
  1410 | D:2      | Noticed Natasha
  1413 | D:2      | Killed Natasha
  1417 | D:2      | Found a snail-covered altar of Cheibriados.
  1571 | D:3      | Found a glowing drain.
  1586 | Sewer    | Entered a sewer
  1616 | Sewer    | Reached XP level 5. HP: 44/46 MP: 4/4
  1698 | Sewer    | Reached skill level 5 in Axes
  2008 | Sewer    | Reached skill level 5 in Armour
  2008 | Sewer    | Reached skill level 1 in Dodging
  2008 | Sewer    | Reached skill level 5 in Shields
  2008 | Sewer    | Reached XP level 6. HP: 52/52 MP: 5/5
  3246 | D:5      | Entered Level 5 of the Dungeon
  3251 | D:5      | Reached skill level 6 in Axes
  3679 | D:4      | Reached XP level 7. HP: 60/60 MP: 6/6
  3899 | D:4      | Found Miump's Assorted Antiques.
  4357 | D:5      | Found Abuakea's Assorted Antiques.
  4413 | D:5      | Reached skill level 7 in Axes
  4440 | D:5      | Found Gufucw's Book Shop.
  4893 | D:5      | Found Cueckut's General Store.
  4930 | D:5      | Found an iron altar of Okawaru.
  4930 | D:5      | Found a hazy altar of Hepliaklqana.
  4938 | D:5      | Found a hide-covered altar of Uskayaw.
  4940 | D:5      | Found a glowing golden altar of the Shining One.
  4942 | D:5      | Found a bloodstained altar of Trog.
  5043 | D:5      | Reached XP level 8. HP: 48/67 MP: 7/7
  5186 | D:5      | Reached skill level 5 in Fighting
  5424 | D:6      | Reached skill level 8 in Axes
  5883 | D:6      | Found a sacrificial altar of Ru.
  5997 | D:6      | Noticed Blork the orc
  6002 | D:6      | Killed Blork the orc
  6238 | D:7      | Noticed p0werm0de's ghost (novice DsFi)
  6391 | D:7      | Killed p0werm0de's ghost
  6391 | D:7      | Reached skill level 9 in Axes
  6391 | D:7      | Reached XP level 9. HP: 43/75 MP: 8/8
  7039 | D:7      | Found a staircase to the Ecumenical Temple.
  7153 | D:7      | Reached skill level 1 in Stealth
  7165 | D:7      | Reached skill level 10 in Axes
  7228 | D:7      | Found Kiebagum's General Store.
  7812 | D:7      | Noticed Joseph
  7825 | D:7      | Killed Joseph
  8103 | D:7      | Noticed a gargoyle
  8112 | D:7      | Killed from afar by a gargoyle

Skill      XL: |  1  2  3  4  5  6  7  8  9 |
---------------+----------------------------+-----
Armour         | 4 5 6 7 8 |  8.4
Shields        | 4 5 6 7 8 |  8.3
Axes           | 3 4 5 6 7 9 10 | 10.4
Fighting       | 4 5 7 |  7.5
Dodging        | 1 2 3 |  3.8
Stealth        | 1 |  1.1

Action                   |  1- 3 |  4- 6 |  7- 9 || total
-------------------------+-------+-------+-------++-------
Melee: War axe           |    67 |   203 |   261 ||   531
       Headbutt          |     9 |    33 |    50 ||    92
  Use: Scroll            |       |       |     2 ||     2
       Potion            |       |       |     1 ||     1
  Eat: Chunk             |     1 |     6 |     8 ||    15
       Royal jelly       |       |     1 |     3 ||     4
Armor: Scale mail        |    32 |    84 |    59 ||   175
Dodge: Dodged            |    32 |    55 |    72 ||   159
Block: Shield            |    40 |   102 |   147 ||   289
       Reflection        |       |       |     2 ||     2
